 Dungeon Sprint DCSS version 0.23.0-28-g6fe0f4d (webtiles) character file.

Game seed: 18415004124272567168

1617 Fang the Fighter (level 8, -4/60 HPs)
             Began as a Gargoyle Berserker on Feb 25, 2019.
             Was a High Priest of Trog.
             Killed from afar by an air elemental (6 damage)
             ... with a tornado
             ... in the Dungeon (Sprint V: "Ziggurat Sprint").
             The game lasted 00:01:46 (649 turns).

Fang the Fighter (Gargoyle Berserker)                Turns: 649, Time: 00:01:46

Health: -4/60      AC: 34    Str: 26    XL:     8   Next: 96%
Magic:  8/8        EV:  8    Int: 18    God:    Trog [*****.]
Gold:   0          SH:  0    Dex:  9    Spells: 7/7 levels left

rFire    + + +     SeeInvis .   k - +5 executioner's axe
rCold    + . .     Gourm    .   (shield currently unavailable)
rNeg     + + .     Faith    .   j - +5 gold dragon scales
rPois    ∞         Spirit   .   (no helmet)
rElec    +         Reflect  .   (no cloak)
rCorr    +         Harm     .   z - +4 pair of gloves of Xom's Vengeance {Int+5}
MR       .....     NoTele   +   (no boots)
Stlth    ..........             (no amulet)
HPRegen  0.20/turn              D - +6 ring of strength
MPRegen  0.11/turn              b - ring of Fayqyxump {rCorr rF++ rN+ Str-2 Int+4}

@: berserk cooldown, flying (expiring), slowed, very slow
A: negative energy resistance 1, electricity resistance, unbreathing,
petrification resistance, rot immunity, AC +5
a: Berserk, Trog's Hand, Brothers in Arms, Renounce Religion


You were in the Dungeon.
You worshipped Trog.
Trog was extremely pleased with you.
You were hungry.

You visited 1 branch

Inventory:

Hand Weapons
 k - a +5 executioner's axe (weapon)
Armour
 j - +5 gold dragon scales (worn)
 z - the +4 pair of gloves of Xom's Vengeance (worn) {Int+5}
   (You found it in the Dungeon)

   It affects your intelligence (+5).
 C - the +8 scale mail of the Barnacle {Str+2}
   (You found it in the Dungeon)

   It affects your strength (+2).
Jewellery
 b - the ring of Fayqyxump (right hand) {rCorr rF++ rN+ Str-2 Int+4}
   (You found it in the Dungeon)

   [ring of resist corrosion]

   It affects your strength (-2).
   It affects your intelligence (+4).
   It greatly protects you from fire.
   It protects you from negative energy.
 A - the ring "Mastyut" {rPois rC+ MR+}
   (You found it in the Dungeon)

   [ring of poison resistance]

   It protects you from cold.
   It protects you from poison.
   It affects your resistance to hostile enchantments.
 B - an uncursed ring of protection from fire
 D - a +6 ring of strength (left hand)
 E - a +6 ring of strength
Wands
 w - a wand of disintegration (7)
 x - a wand of iceblast (7)
 y - a wand of acid (7)
Scrolls
 i - 4 scrolls of blinking
 l - 7 scrolls of fog
 m - a scroll of holy word
 n - 5 scrolls of identify
 o - 5 scrolls of remove curse
 p - 2 scrolls of fear
Potions
 d - 10 potions of curing
 e - 9 potions of heal wounds
 f - 6 potions of haste
 g - 7 potions of magic
 h - 3 potions of berserk rage
 q - 2 potions of brilliance
 r - 2 potions of invisibility
 s - 4 potions of resistance
 t - a potion of experience
 u - 5 potions of agility
 v - 5 potions of might
Comestibles
 c - 7 rations


   Skills:
 + Level 11.1 Fighting
 + Level 9.4 Axes
 + Level 10.8 Armour
 + Level 8.4 Dodging


You had 7 spell levels left.
You didn't know any spells.
Your spell library was empty.

Dungeon Overview and Level Annotations

Branches:
Dungeon (1/1)

Altars:
Ashenzari
Cheibriados
Dithmenos
Elyvilon
Fedhas
Gozag
Hepliaklqana
Kikubaaqudgha
Makhleb
Nemelex Xobeh
Okawaru
Qazlal
Ru
Sif Muna
Trog
Uskayaw
Vehumet
Wu Jian
Xom
Yredelemnul
Zin
The Shining One
Beogh
Jiyva
Lugonu

Annotations:
D 1 transporter


Innate Abilities, Weirdness & Mutations

You are resistant to torment.
Your stone body is resilient. (AC +5)
You are immune to poison.
You resist negative energy. (rN+)
You are resistant to electric shocks. (rElec)
You can survive without breathing.
You are immune to petrification.
You are immune to rotting.


Message History

The air elemental hits you!
* * * LOW HITPOINT WARNING * * *
The air elemental hits you but does no damage.
The deep elf archer shoots an arrow.
The arrow barely misses you. The air elemental barely misses you.
The deep elf archer shoots an arrow.
The arrow hits you but does no damage. The air elemental hits you.
* * * LOW HITPOINT WARNING * * *
You barely miss the air elemental.
The air elemental is severely damaged.
The winds around the air elemental calm down.
A vortex of raging winds appears around the air elemental!
The air elemental hits you but does no damage. x3
The air elemental hits you.
* * * LOW HITPOINT WARNING * * *
Your gold dragon scales prevents you from hitting the air elemental.
The air elemental is severely damaged.
The vortex of raging winds lifts you up.
You fly up into the air.
* * * LOW HITPOINT WARNING * * *
You die...

▓.....▓.....▓.).:.▓
▓.....▓.....▓..)..▓
▓.....▓..÷÷.▓..)..▓
▓.....▓.....▓..©..▓
▓..©..▓..©..▓▓▓▓▓▓▓
▓▓▓▓▓▓▓▓▓▓▓▓▓▓▓▓▓▓▓
▓..8©8...▓..8§8§§§▓
▓...|....▓..[§§§E§▓
▓...)....▓..)§§@§§▓
▓..)))...▓..)§§§§§▓
▓...(....▓...§§§§e▓
▓.▓....▓.▓.▓....▓.▓
▓...©....▓...©....▓
▓▓▓▓▓▓▓▓▓▓▓▓▓▓▓▓▓▓▓


You could see a deep elf archer and an air elemental.

Vanquished Creatures
  A dancing weapon (D)
  2 deep elf magi (D)
  4 merfolk (D)
  A necrophage (D)
  2 orc wizards (D)
  2 adders (D)
  An adder zombie (D)
  An adder skeleton (D)
  A ball python (D)
  A jackal skeleton (D)
16 creatures vanquished.

Vanquished Creatures (others)
  A spatial maelstrom (D)
1 creature vanquished.

Grand Total: 17 creatures vanquished

Notes
Turn   | Place    | Note
-------+----------+-------------------------------------------
     0 | D        | Found the +6 Majin-Bo {vamp, Archmagi MP+6 Int+6}
     0 | D        | Found the +7 great mace "Firestarter" {inner flame, rF++}
     0 | D        | Fang the Gargoyle Berserker began the quest for the Orb.
     0 | D        | Reached XP level 1. HP: 14/14 MP: 1/1
     3 | D        | Found a blossoming altar of Fedhas.
     4 | D        | Found a viscous altar of Jiyva.
     4 | D        | Found a hazy altar of Hepliaklqana.
     4 | D        | Found a transporter.
     4 | D        | Found an opulent altar of Gozag.
     4 | D        | Found an ancient bone altar of Kikubaaqudgha.
     4 | D        | Found a corrupted altar of Lugonu.
     8 | D        | Found a burning altar of Makhleb.
     9 | D        | Found a sacrificial altar of Ru.
     9 | D        | Found a stormy altar of Qazlal.
     9 | D        | Found a deep blue altar of Sif Muna.
     9 | D        | Found an iron altar of Okawaru.
     9 | D        | Found a bloodstained altar of Trog.
     9 | D        | Found a sparkling altar of Nemelex Xobeh.
    33 | D        | Banished a spatial maelstrom
    74 | D        | Entered arena 2.
    74 | D        | Noticed an orc wizard
    74 | D        | Noticed an orc wizard
    74 | D        | Found a transporter.
    76 | D        | Killed an orc wizard
    76 | D        | Reached skill level 4 in Fighting
    76 | D        | Reached XP level 2. HP: 20/20 MP: 2/2
    76 | D        | Reached XP level 3. HP: 24/24 MP: 3/3
    78 | D        | Reached ** piety under Trog
    78 | D        | Reached skill level 5 in Fighting
   263 | D        | Entered arena 3.
   263 | D        | Found a transporter.
   268 | D        | Reached XP level 4. HP: 23/31 MP: 4/4
   270 | D        | Reached *** piety under Trog
   282 | D        | Got the ring of Fayqyxump {rCorr rF++ rN+ Str-2 Int+4}
   340 | D        | Entered arena 4.
   340 | D        | Noticed a necrophage
   340 | D        | Found a transporter.
   348 | D        | Killed a necrophage
   348 | D        | Reached **** piety under Trog
   348 | D        | Reached skill level 6 in Fighting
   348 | D        | Reached skill level 5 in Axes
   348 | D        | Reached XP level 5. HP: 34/37 MP: 5/5
   352 | D        | Got the +4 pair of gloves of Xom's Vengeance {Int+5}
   364 | D        | Entered arena 5.
   364 | D        | Noticed a merfolk
   364 | D        | Noticed a merfolk
   364 | D        | Noticed a merfolk
   364 | D        | Noticed a merfolk
   364 | D        | Found a transporter.
   371 | D        | Killed a merfolk
   371 | D        | Reached skill level 8 in Fighting
   371 | D        | Reached skill level 5 in Dodging
   371 | D        | Reached XP level 6. HP: 34/44 MP: 6/6
   376 | D        | Killed a merfolk
   376 | D        | Received a gift from Trog
   376 | D        | Reached skill level 9 in Fighting
   376 | D        | Reached XP level 7. HP: 15/51 MP: 7/7
   376 | D        | Killed a merfolk
   385 | D        | Killed a merfolk
   385 | D        | Reached skill level 10 in Fighting
   385 | D        | Reached XP level 8. HP: 10/57 MP: 8/8
   387 | D        | Got the ring "Mastyut" {rPois rC+ MR+}
   407 | D        | Got the +8 scale mail of the Barnacle {Str+2}
   628 | D        | Entered arena 6.
   628 | D        | Noticed a +7 scimitar of slicing
   628 | D        | Noticed an air elemental
   628 | D        | Noticed a deep elf archer
   628 | D        | Noticed a deep elf mage
   628 | D        | Noticed a deep elf mage
   628 | D        | Found a transporter.
   634 | D        | Killed a deep elf mage
   634 | D        | Reached ***** piety under Trog
   634 | D        | Reached skill level 10 in Armour
   635 | D        | Killed a deep elf mage
   635 | D        | Killed a +7 scimitar of slicing
   635 | D        | Reached skill level 11 in Fighting
   649 | D        | HP: 2/60 [air elemental/tornado (5)]
   649 | D        | Killed from afar by an air elemental

Skill      XL: |  1  2  3  4  5  6  7  8 |
---------------+-------------------------+-----
Fighting       | 4 5 6 8 9 10 11 | 11.1
Axes           | 3 4 5 6 7 8 9 |  9.4
Armour         | 3 4 6 7 8 9 10 | 10.8
Dodging        | 2 3 4 5 6 7 8 |  8.4

Action                   |  1- 3 |  4- 6 |  7- 9 || total
-------------------------+-------+-------+-------++-------
Melee: Executioner's axe |     6 |    18 |    17 ||    41
Invok: Berserk           |     1 |     1 |     1 ||     3
  Use: Potion            |       |       |     1 ||     1
  Eat: Chunk             |       |       |     1 ||     1
Armor: Gold dragon scale |    14 |    40 |    57 ||   111
Dodge: Dodged            |     5 |    10 |    15 ||    30
